 Dungeon Crawl Stone Soup version 0.30-b1-5-g8e6c1be481 (webtiles) character file.

Game seed: 12256623622672830085

170 KittyFluff the Cudgeller (level 5, 0/49 HPs)
             Began as a Gargoyle Berserker on May 4, 2023.
             Was a Believer of Trog.
             Slain by an ice beast (1 damage)
             ... on level 4 of the Dungeon.
             The game lasted 00:13:21 (2396 turns).

KittyFluff the Cudgeller (Gargoyle Berserker)       Turns: 2396, Time: 00:13:21

Health: 0/49       AC: 10    Str: 21    XL:     5   Next: 50%
Magic:  0/5        EV: 12    Int:  7    God:    Trog [**....]
Gold:   207        SH:  0    Dex: 11    Spells: 4/4 levels left

rFire   . . .        a - +0 mace
rCold   . . .        (no shield)
rNeg    + . .        e - +0 leather armour
rPois   ∞            l - +2 helmet
rElec   +            (no cloak)
rCorr   +            (no gloves)
SInv    .            (no boots)
Will    .....        q - amulet of guardian spirit Stlth
                     p - ring of resist corrosion
HPRegen 0.28/turn    (no ring)
MPRegen 0.09/turn

%: guardian spirit
@: berserking, very quick
A: sickness immunity, AC +4, negative energy resistance 1, electricity
resistance, torment resistance 1, petrification resistance
a: Renounce Religion, Berserk, Trog's Hand


You were on level 4 of the Dungeon.
You worshipped Trog.
Trog was pleased with you.
You visited 1 branch of the dungeon, and saw 4 of its levels.

You collected 207 gold pieces.

Inventory:

Hand Weapons
 a - a +0 mace (weapon)
 s - a +0 sling
Missiles
 c - 22 stones (quivered)
 n - 12 boomerangs
 o - 9 poisoned darts
Armour
 e - a +0 leather armour (worn)
 l - a +2 helmet (worn)
Jewellery
 b - a ring of protection from cold
 p - a ring of resist corrosion (left hand)
 q - an amulet of guardian spirit (around neck)
Scrolls
 d - 4 scrolls of immolation {unknown}
 g - 5 scrolls of teleportation {unknown}
 j - a scroll of noise {unknown}
 r - a scroll of blinking {unknown}
 t - a scroll of magic mapping {unknown}
 u - 2 scrolls of enchant weapon
 w - a scroll of fear
Potions
 h - 4 potions of curing
 i - a potion of haste
 k - a potion of cancellation
 m - 2 potions of heal wounds
 v - a potion of flight {unknown}


   Skills:
 + Level 3.9 Fighting
 + Level 4.3 Maces & Flails
 * Level 3.2 Armour
 + Level 2.6 Dodging
 + Level 0.4 Stealth


You had 4 spell levels left.
You didn't know any spells.
Your spell library was empty.

Dungeon Overview and Level Annotations

Branches:
Dungeon (4/15)
 Temple: D:4-7

Altars:
Elyvilon
Hepliaklqana


Innate Abilities, Weirdness & Mutations

You are immune to sickness and miasma.
Your stone body is resilient. (AC +4)
You are immune to poison.
You resist negative energy. (rN+)
You are resistant to electric shocks. (rElec)
You are resistant to unholy torment.
You are immune to petrification.


Message History

You hit the ice beast.
The ice beast is lightly wounded.
The ice beast hits you but does no damage.
You closely miss the ice beast.
The ice beast is lightly wounded.
The ice beast barely misses you.
You completely miss the ice beast.
The ice beast is lightly wounded.
The ice beast closely misses you.
You hit the ice beast but do no damage.
The ice beast is lightly wounded.
The ice beast hits you. The ice beast freezes you!
The ice beast closely misses you.
You barely miss the ice beast.
The ice beast is lightly wounded.
The ice beast hits you but does no damage.
An endoplasm comes into view.
A red film seems to cover your vision as you go berserk!
You feel yourself moving faster!
You feel mighty!
The endoplasm quivers.
The ice beast hits you. The ice beast freezes you!
* * * LOW HITPOINT WARNING * * *
You sock the ice beast!
The ice beast is moderately wounded.
The ice beast hits you but does no damage.
You sock the ice beast!
The ice beast is heavily wounded.
The ice beast hits you but does no damage.
You closely miss the ice beast.
The ice beast is heavily wounded.
You barely miss the ice beast.
The ice beast is heavily wounded.
The ice beast hits you.
* * * LOW HITPOINT WARNING * * *
The ice beast freezes you!
* * * LOW HITPOINT WARNING * * *
You barely miss the ice beast.
The ice beast is heavily wounded.
The ice beast hits you.
You die...

...# #..# #..#
#..# #J.# #..#
##..# ###.@.##
##...Y..######
...............##
##
.....##...##....#
###. ...##
#..####...#####...
## #..##
##...##...## #..#
#.......## ...##
##..##..# ..##
#...###..#


You could see an ice beast and an endoplasm.

Vanquished Creatures
  An orc priest (D:3)
  A sleepcap (D:4)
  5 adders
  A worm (D:3)
  3 orcs (D:3)
  4 ball pythons
  5 endoplasms
  A giant cockroach (D:3)
  7 goblins
  6 hobgoblins
  5 kobolds
  5 quokkas
  5 bats
  8 frilled lizards
  5 rats
  A spectral goblin (D:3)
63 creatures vanquished.

Vanquished Creatures (others)
  9 plants (D:1)
9 creatures vanquished.

Grand Total: 72 creatures vanquished

Notes
Turn   | Place    | Note
-------+----------+-------------------------------------------
     0 | D:1      | KittyFluff the Gargoyle Berserker began the quest for the
                  | Orb.
     0 | D:1      | Reached XP level 1. HP: 14/14 MP: 1/1
   435 | D:1      | Reached XP level 2. HP: 13/19 MP: 2/2
   572 | D:1      | Found a faded altar of an unknown god.
   892 | D:2      | Reached XP level 3. HP: 23/23 MP: 3/3
   906 | D:2      | Reached ** piety under Trog
  1504 | D:3      | Reached XP level 4. HP: 29/29 MP: 4/4
  1776 | D:3      | Reached skill level 4 in Maces & Flails
  1776 | D:3      | Reached XP level 5. HP: 33/33 MP: 5/5
  1928 | D:3      | Found a white marble altar of Elyvilon.
  2037 | D:3      | Found a hazy altar of Hepliaklqana.
  2319 | D:4      | Noticed an ice beast
  2395 | D:4      | HP: 1/49 [ice beast (8)]
  2396 | D:4      | Slain by an ice beast

Illustrated notes

Levels and vault maps discovered:
D:1:      dpeg_arrival_circle_labyrinth_c, layout_rooms,
          dreamdust_ecumenical_altar_angels_and_demons, minmay_lizard_king
D:2:      layout_rooms
D:3:      layout_loops_corners, nicolae_hepliaklqana_monster_ancestors,
          mainiacjoe_overflow_cross_hatched
D:4:      layout_layer_cave, mainiacjoe_overflow_surrounded_room

Skill      XL: |  1  2  3  4 |
---------------+-------------+-----
Dodging        | 2 |  2.6
Armour         | 3 |  3.2
Maces & Flails | 4 |  4.3
Fighting       | |  3.9
Stealth        | |  0.4

Action                     |  1- 3 |  4- 6 || total
---------------------------+-------+-------++-------
  Melee: Mace              |   125 |   104 ||   229
 Invoke: Berserk           |       |     1 ||     1
    Use: Scroll            |       |     7 ||     7
 Armour: Animal skin       |    52 |    20 ||    72
         Leather armour    |       |    14 ||    14
  Dodge: Dodged            |    87 |    49 ||   136
